 Dungeon Sprint DCSS version 0.31.0-9-g3a7656b989 (webtiles) character file.

Game seed: 15013551708167102094

12761 Heoruswealwe the Phalangite (level 11, -5/118 HPs)
             Began as a Minotaur Fighter on Jan 25, 2024.
             Was an Initiate of Gozag.
             Slain by an orc knight
             ... wielding a +0 great mace
              (33 damage)
             ... in the Dungeon (Sprint IX: "|||||||||||||||||||||||||||||").
             The game lasted 00:09:28 (1615 turns).

Heoruswealwe the Phalangite (Minotaur Fighter)      Turns: 1615, Time: 00:09:28

Health: -5/118     AC: 19    Str: 26    XL:     11   Next: 66%
Magic:  10/10      EV:  9    Int:  5    God:    Gozag
Gold:   5634       SH:  0    Dex:  9    Spells: 10/10 levels left

rFire   . . .        b - +2 halberd (freeze)
rCold   . . .        (shield currently unavailable)
rNeg    . . .        c - +1 chain mail
rPois   .            (helmet restricted)
rElec   .            h - +0 cloak
rCorr   .            (no gloves)
SInv    .            (no boots)
Will    .....        (no amulet) Stlth
                     k - +2 ring of protection
HPRegen 0.39/turn    (no ring)
MPRegen 0.12/turn

%: no teleportation
@: no status effects
A: horns 2, retaliatory headbutt
a: Renounce Religion, Potion Petition, Call Merchant, Bribe Branch


You were in the Dungeon.
You worshipped Gozag.
Gozag was greatly pleased with you.
You visited 1 branch You collected 5634 gold pieces.

Inventory:

Hand Weapons
 a - a +0 trident
 b - a +2 halberd of freezing (weapon)
Armour
 c - a +1 chain mail (worn)
 d - a +0 buckler
 h - a +0 cloak (worn)
Jewellery
 k - a +2 ring of protection (left hand)
Wands
 o - a wand of quicksilver (10)
Scrolls
 j - 3 scrolls of blinking
 m - 3 scrolls of identify
 n - 2 scrolls of enchant weapon
Potions
 e - 5 potions of curing
 g - 2 potions of haste
 i - a potion of berserk rage
 l - a potion of might


   Skills:
 + Level 17.9 Fighting
 * Level 24.0 Polearms
 + Level 17.9 Armour
 - Level 3.6 Shields


You had 10 spell levels left.
You didn't know any spells.
Your spell library contained the following spells:

 Spells                   Type           Power      Damage    Failure   Level
 Alistair's Intoxication  Alch           0%         N/A       100%        5
 Borgnjor's Vile Clutch   Necr/Erth      0%         N/A       100%        5
 Eringya's Noxious Bog    Alch           0%         4d6       100%        6


Dungeon Overview and Level Annotations

Branches:
Dungeon (1/1)

Altars:
Cheibriados
Dithmenos
Elyvilon
Fedhas
Gozag
Hepliaklqana
Kikubaaqudgha
Makhleb
Nemelex Xobeh
Okawaru
Qazlal
Ru
Sif Muna
Trog
Uskayaw
Vehumet
Wu Jian
Xom
Yredelemnul
Zin
The Shining One
Jiyva
Lugonu


Innate Abilities, Weirdness & Mutations

You have a pair of horns on your head.
You reflexively headbutt those who attack you in melee.


Message History

You hear a shout! x2
You puncture the orc knight! You freeze the orc knight.
The orc knight is severely wounded.
The orc warrior no longer looks unusually strong. x2
The orc knight barely misses you.
You hit the orc knight. You freeze the orc knight.
The orc knight is almost dead.
An orc warrior comes into view.
It is wielding a +0 halberd and wearing a +0 plate armour of fire resistance.
The orc knight hits you with a +0 great mace!
You hit the orc knight. You freeze the orc knight.
The orc knight is almost dead.
The orc knight roars a battlecry!
The orc warriors go into a battle-frenzy!
The orc knight roars a battlecry!
The orc knight goes into a battle-frenzy!
You hit the orc knight but do no damage.
You headbutt the orc knight, but do no damage.
The orc knight is almost dead.
You closely miss the orc knight.
You headbutt the orc knight, but do no damage.
The orc knight is almost dead.
The orc knight hits you with a +0 great mace!!!
* * * LOW HITPOINT WARNING * * *
You feel much better.
The orc knight hits you with a +0 great mace!!
* * * LOW HITPOINT WARNING * * *
You hit the orc knight but do no damage.
The orc knight is almost dead.
The orc knight hits you but does no damage.
You barely miss the orc knight.
The orc knight is almost dead.
You hit the orc knight but do no damage.
Your headbutt misses the orc knight.
The orc knight is almost dead.
The orc knight hits you with a +0 great mace!!
* * * LOW HITPOINT WARNING * * *
You feel much better.
The orc knight hits you with a +0 great mace!!
You die...
Your body crumbles into a pile of gold.

▓▓▓▓▓▓▓▓▓▓▓▓▓▓▓▓▓▓▓▓▓▓▓▓
...)............@ooooooo
▓▓▓▓▓▓▓▓▓▓▓▓▓▓▓▓▓▓▓▓▓▓▓▓▓▓▓▓▓▓▓▓▓
.................................
▓▓▓▓▓▓▓▓▓▓▓▓▓▓▓▓▓▓▓▓▓▓▓▓▓▓▓▓▓▓▓▓▓
..?........'.........'.........'.
▓▓▓▓▓▓▓▓▓▓▓▓▓▓▓▓▓▓▓▓▓▓▓▓▓▓▓▓▓▓▓▓▓
.................................
▓▓▓▓▓▓▓▓▓▓▓▓▓▓▓▓▓▓▓▓▓▓▓▓▓▓▓▓▓▓▓▓▓
'.....'________________________'!


You could see 2 orc knights and 5 orc warriors.

Vanquished Creatures
  A hydra (D)
  A centaur warrior (D)
  2 two-headed ogres (D)
  A death knight (D)
  5 death yaks (D)
  2 orc knights (D)
  A manticore (D)
  An elephant (D)
  2 black mambas (D)
  3 cane toads (D)
  2 komodo dragons (D)
  A troll (D)
  A polar bear (D)
  A blink frog (D)
  5 yaks (D)
  Grum (D)
  A basilisk (D)
  A steam dragon (D)
  2 acid dragons (D)
  3 water moccasins (D)
  An ice beast (D)
  4 orc warriors (D)
  2 black bears (D)
  3 wolves (D)
  2 bullfrogs (D)
  A jelly (D)
  6 orc wizards (D)
  An adder (D)
  An ufetubus (D)
  6 orcs (D)
  A ball python (D)
  A goblin (D)
  3 frilled lizards (D)
69 creatures vanquished.

Notes
Turn   | Place    | Note
-------+----------+-------------------------------------------
     0 | D        | Heoruswealwe the Minotaur Fighter began the quest for the
                  | Orb.
     0 | D        | Reached XP level 1. HP: 19/19 MP: 0/0
     5 | D        | Reached skill level 3 in Polearms
    20 | D        | Noticed a black bear
    20 | D        | Noticed an ice beast
    20 | D        | Noticed a jelly
    34 | D        | Killed a black bear
    35 | D        | Reached skill level 7 in Polearms
    35 | D        | Reached XP level 2. HP: 27/31 MP: 1/1
    35 | D        | Reached XP level 3. HP: 33/38 MP: 2/2
    35 | D        | Reached XP level 4. HP: 39/45 MP: 3/3
    41 | D        | Killed an ice beast
    42 | D        | Reached skill level 9 in Polearms
    42 | D        | Reached XP level 5. HP: 48/52 MP: 4/4
    46 | D        | Reached skill level 10 in Polearms
    54 | D        | Found a snail-covered altar of Cheibriados.
    54 | D        | Found a shadowy altar of Dithmenos.
    54 | D        | Found a white marble altar of Elyvilon.
    54 | D        | Found a blossoming altar of Fedhas.
    54 | D        | Found an opulent altar of Gozag.
    55 | D        | Found a hazy altar of Hepliaklqana.
    56 | D        | Found a viscous altar of Jiyva.
    57 | D        | Found an ancient bone altar of Kikubaaqudgha.
    58 | D        | Found a corrupted altar of Lugonu.
    59 | D        | Found a burning altar of Makhleb.
    60 | D        | Found a sparkling altar of Nemelex Xobeh.
    61 | D        | Found an iron altar of Okawaru.
    62 | D        | Became a worshipper of Gozag Ym Sagoz the Greedy
    63 | D        | Found a stormy altar of Qazlal.
    64 | D        | Found a sacrificial altar of Ru.
    65 | D        | Found a shimmering blue altar of Sif Muna.
    66 | D        | Found a bloodstained altar of Trog.
    67 | D        | Found a hide-covered altar of Uskayaw.
    68 | D        | Found a radiant altar of Vehumet.
    69 | D        | Found an ornate altar of the Wu Jian Council.
    70 | D        | Found a shimmering altar of Xom.
    71 | D        | Found a basalt altar of Yredelemnul.
    72 | D        | Found a glowing silver altar of Zin.
    73 | D        | Found a glowing golden altar of the Shining One.
   121 | D        | Noticed a yak
   121 | D        | Noticed a two-headed ogre
   121 | D        | Noticed a steam dragon
   121 | D        | Noticed a two-headed ogre
   121 | D        | Noticed an acid dragon
   125 | D        | Killed a yak
   126 | D        | Reached skill level 12 in Polearms
   126 | D        | Reached XP level 6. HP: 49/63 MP: 5/5
   129 | D        | Killed a two-headed ogre
   130 | D        | Reached skill level 14 in Polearms
   130 | D        | Reached XP level 7. HP: 30/74 MP: 6/6
   138 | D        | Killed a two-headed ogre
   139 | D        | Reached skill level 16 in Polearms
   139 | D        | Reached XP level 8. HP: 36/83 MP: 7/7
   367 | D        | Noticed a centaur warrior
   367 | D        | Noticed a troll
   367 | D        | Noticed a death knight
   367 | D        | Noticed a manticore
   372 | D        | Killed a centaur warrior
   373 | D        | Reached skill level 17 in Polearms
   373 | D        | Reached XP level 9. HP: 76/93 MP: 8/8
   387 | D        | Killed a death knight
   388 | D        | Reached skill level 18 in Polearms
   391 | D        | Killed a troll
   574 | D        | Killed a manticore
   575 | D        | Reached skill level 19 in Polearms
   618 | D        | Noticed Grum
   626 | D        | Killed Grum
   627 | D        | Reached XP level 10. HP: 89/104 MP: 9/9
   757 | D        | Noticed a cane toad
   757 | D        | Noticed an elephant
   757 | D        | Noticed a black mamba
   765 | D        | Killed a cane toad
   770 | D        | Reached skill level 20 in Polearms
   775 | D        | Reached skill level 15 in Fighting
   775 | D        | Reached skill level 15 in Armour
   781 | D        | Killed an elephant
   785 | D        | Killed a black mamba
   944 | D        | Noticed a cane toad
   944 | D        | Noticed a cane toad
   944 | D        | Noticed a five-headed hydra
   950 | D        | Killed a cane toad
   951 | D        | Reached skill level 21 in Polearms
   959 | D        | Killed an eight-headed hydra
   964 | D        | Killed a cane toad
   973 | D        | Noticed a black mamba
   974 | D        | Reached XP level 11. HP: 97/115 MP: 10/10
   984 | D        | Reached skill level 22 in Polearms
  1170 | D        | Noticed a death yak
  1170 | D        | Noticed a death yak
  1170 | D        | Noticed a death yak
  1170 | D        | Noticed a death yak
  1176 | D        | Killed a death yak
  1177 | D        | Noticed a death yak
  1182 | D        | Killed a death yak
  1189 | D        | Killed a death yak
  1196 | D        | Killed a death yak
  1197 | D        | Reached skill level 23 in Polearms
  1203 | D        | Killed a death yak
  1464 | D        | Noticed an orc knight
  1472 | D        | Killed an orc knight
  1578 | D        | Noticed an orc knight
  1587 | D        | Noticed an orc knight
  1595 | D        | Killed an orc knight
  1602 | D        | Reached skill level 24 in Polearms
  1604 | D        | Noticed an orc knight
  1615 | D        | Slain by an orc knight

Illustrated notes

Levels and vault maps discovered:
D:        linesprint [early_d, line_temple, items_1, d_10, items_2, lair_1,
          lair_end, items_3, orc_1, orc_end, items_4, d_15, swamp_1, shoals_1,
          snake_1, spider_1, d_20, vaults_1, items_5, swamp_end, shoals_end,
          snake_end, spider_end, vaults_end, d_27, items_6, zot_1, zot_end,
          crypt_end, forest_end, elf_end, slime_end, tomb_end, abyss_end,
          pan_hell_end]

Skill      XL: |  1  2  3  4  5  6  7  8  9 10 11 |
---------------+----------------------------------+-----
Polearms       | 7 9 12 14 16 17 19 21 24 | 24.0
Fighting       | 6 7 9 11 12 13 14 16 17 | 17.9
Armour         | 6 7 9 11 12 13 14 16 17 | 17.9
Shields        | |  3.6

Action                     |  1- 3 |  4- 6 |  7- 9 | 10-12 || total
---------------------------+-------+-------+-------+-------++-------
  Melee: Trident           |    21 |    13 |       |       ||    34
         Headbutt          |     2 |     9 |     5 |    37 ||    53
         Halberd           |       |     8 |    52 |   164 ||   224
    Use: Potion            |     1 |       |     1 |     6 ||     8
   Stab: Distracted        |       |       |       |     1 ||     1
 Armour: Scale mail        |    28 |     4 |       |       ||    32
         Chain mail        |       |     4 |    32 |    80 ||   116
  Dodge: Dodged            |    13 |     7 |    24 |    36 ||    80
  Block: Buckler           |    10 |     2 |       |       ||    12
